[Event "*** SCC Grand Prix: Titled Tuesday Blitz"]
[Site "Chess.com"]
[Date "2020.09.08"]
[Round "7"]
[White "THE_PLAYER6"]
[Black "olksuna"]
[Result "0-1"]
[WhiteElo "2473"]
[BlackElo "2670"]
[TimeControl "180+1"]
[EndTime "11:23:09 PDT"]
[Termination "olksuna won by resignation"]

1. c4 e6 2. a3 d5 3. cxd5 exd5 4. Nf3 c6 5. d4 Nf6 6. Nc3 Bf5 7. Bg5 Be7 8. e3 O-O 9. Bd3 Bxd3 10. Qxd3 Nbd7 11.
O-O a5 12. Rab1 Re8 13. b4 axb4 14. axb4 Ne4 15. Bxe7 Qxe7 16. Nd2 Nxd2 17. Qxd2 Nb6 18. b5 Nc4 19. Qe2 Ra3 20. Rfc1 g6 21. h3 h5 22.
bxc6 bxc6 23. Nd1 Rea8 24. Nc3 Kg7 25. Kh1 Qf6 26. Kg1 Qe7 27. Kh1 Qg5 28. Kg1 Qf5 29. e4 Qe6 30. exd5 cxd5 31. Qxe6 fxe6 32. Nb5 Rd3 33. Nc7 Ra2 34. Nxe6+ Kf6 35. Re1 Rdd2 36. Nf4 Rxf2 37. Rf1 Rxf1+ 38. Rxf1 Kg7 39. Nxd5 Rd2 40. Rf4 Nd6 41. Ne3 Kh6 42. h4 Kg7 43. d5 Kh6 44.
Kh2 Kg7 45. Kg3 Nf7 46. Rf2 Rd3 47. Kf3 Nd6 48. Ke2 Rd4 49. g3 Re4 50. Kd3 Ra4 51. Rf1 Nb5 52. Rb1 Ra3+ 53. Kd2 Ra2+ 54. Kd3 Ra3+ 55.
Kd2 Ra2+ 56. Nc2 Nd4 57. Rc1 Nb3+ 58. Kd1 Nxc1 59. Kxc1 Ra5 60. Ne3 Ra3 61. Kd2 Kf6 62. Ke2 Rb3 63. d6 Ke6 64. Kf3 Kxd6 65. Kf4 Ke6 66. g4 Kf6 67. Nd5+ Kg7 68. gxh5 gxh5 69. Ke4 Kh6 70. Ne7 Rh3 71. Ke5 Rh1 72. Kf6 Re1 73. Nf5+ Kh7 74. Kg5 Re5 75. Kf6 Ra5 76. Ng3 Ra4 77. Nf5 Rf4 78. Kg5 Rf1 79. Ne3 Re1 80.
Nf5 Re5 81. Kf6 Rb5 82. Ng3 Kh6 83. Nf5+ Kh7 84. Ng3 Rc5 85. Nf5 Rc4 86. Kg5 Rc5 87. Kf6 Kg8 88. Kg6 Ra5 89. Ng3 Ra4 90. Nf5 Rg4+ 91.
Kxh5 Ra4 92. Kg5 Kf7 93. h5 Kg8 94. Nh6+ Kh8 95. Nf5 Kh7 96. Kf6 Rf4 97. Kg5 Rf1 98. Kf6 Rh1 99. Kg5 Rf1 100. Nh4 Rg1+ 101. Kf4 Kh6 102. Nf5+ Kxh5 103. Ng3+ Kh6 104. Nf5+ Kg6 105. Ne3 Kf6 106. Ke4 Re1 107. Kf4 Ra1 108. Ng4+ Ke6 109. Ne3 Ra4+ 110. Kf3 Ke5 111. Ng4+ Kf5 112. Ne3+ Kg5 113. Ke2 Rd4 114. Kf3 Rf4+ 115. Ke2 Rb4 116. Kf3 Ra4 117. Ke2 Kf4 118. Nd5+ Ke5 119. Ne3 Ke4 120. Kd2 Ra3 121. Nc2 Rb3 122. Ke2 Rd3 123. Ne1 Rh3 124. Ng2 Rg3 125. Kf2 Rf3+ 126. Ke2 Rf8 127. Ne1 Ra8 128. Nc2 Rc8 129. Kd2 Rc7 130. Ne1 Rd7+ 131. Ke2 Rd8 132. Nc2 Rd3 133. Ne1 Re3+ 134. Kf2 Rh3 135. Ng2 Rh1 136. Ke2 Rg1 137. Kf2 Rb1 138. Ke2 Rb2+ 139. Kf1 Kf3 140. Ne1+ Kg3 141. Nd3 Rd2 142. Nc1 Rd1+ 143. Ke2 Rxc1 144. Kd2 Rc7 0-1

[Event "*** SCC Grand Prix: Titled Tuesday Blitz"]
[Site "Chess.com"]
[Date "2020.09.08"]
[Round "8"]
[White "DenLaz"]
[Black "Guenplen"]
[Result "1/2-1/2"]
[WhiteElo "2777"]
[BlackElo "2905"]
[TimeControl "180+1"]
[EndTime "11:30:11 PDT"]
[Termination "Game drawn by repetition"]

1. d4 d5 2. c4 e6 3. Nf3 Nf6 4.
Nc3 a6 5. cxd5 exd5 6. Bg5 Be6 7. e3 Nbd7 8. Bd3 h6 9. Bh4 g5 10. Bg3 Nh5 11. Be5 Nhf6 12. Bg3 Nh5 13. Be5 Nhf6 14. Bg3 1/2-1/2

[Event "*** SCC Grand Prix: Titled Tuesday Blitz"]
[Site "Chess.com"]
[Date "2020.09.08"]
[Round "8"]
[White "dopolian"]
[Black "zaur-mammadov"]
[Result "1-0"]
[WhiteElo "2495"]
[BlackElo "2624"]
[TimeControl "180+1"]
[EndTime "11:30:52 PDT"]
[Termination "dopolian won by resignation"]

1. e4 e6 2. Ne2 d5 3. exd5 exd5 4. d4 Nc6 5. g3 Bg4 6. Bg2 Bd6 7. h3 Nge7 8. hxg4 Qd7 9. g5 Qf5 10. Be3 a6 11. Nbc3 Qg6 12. Nxd5 Nxd5 13. Bxd5 O-O 14. Bxc6 bxc6 15. Qd3 Bb4+ 16. Nc3 1-0

[Event "*** SCC Grand Prix: Titled Tuesday Blitz"]
[Site "Chess.com"]
[Date "2020.09.08"]
[Round "8"]
[White "elegant285"]
[Black "Anna_ChessMate"]
[Result "0-1"]
[WhiteElo "2345"]
[BlackElo "2509"]
[TimeControl "180+1"]
[EndTime "11:31:25 PDT"]
[Termination "Anna_ChessMate won by resignation"]

1. d4 d5 2. c4 c6 3. Nf3 Nf6 4. Nc3 dxc4 5. a4 Bf5 6. Ne5 Nbd7 7. Nxc4 Qc7 8. Bg5 Ne4 9. Nxe4 Bxe4 10. e3 e5 11.
dxe5 Bb4+ 12. Nd2 Nxe5 13. Bf4 O-O-O 14. Bxe5 Qxe5 15. Qg4+ f5 0-1

[Event "*** SCC Grand Prix: Titled Tuesday Blitz"]
[Site "Chess.com"]
[Date "2020.09.08"]
[Round "8"]
[White "1977Ivan"]
[Black "Zavgorodniy_Serg"]
[Result "1-0"]
[WhiteElo "2643"]
[BlackElo "2786"]
[TimeControl "180+1"]
[EndTime "11:32:00 PDT"]
[Termination "1977Ivan won by resignation"]

1. d4 Nf6 2. Nf3 e6 3. c4 Bb4+ 4. Nbd2 b6 5. g3 Ba6 6. Qc2 O-O 7. Bg2 d5 8. O-O Bxd2 9. Nxd2 Nc6 10. e3 Nb4 11.
Qa4 c5 12. a3 1-0

[Event "*** SCC Grand Prix: Titled Tuesday Blitz"]
[Site "Chess.com"]
[Date "2020.09.08"]
[Round "8"]
[White "KetiGrant"]
[Black "Bodnar_Mykola"]
[Result "1-0"]
[WhiteElo "2363"]
[BlackElo "2505"]
[TimeControl "180+1"]
[EndTime "11:32:10 PDT"]
[Termination "KetiGrant won by resignation"]

1. e4 e5 2. Nf3 Nc6 3. Bb5 g6 4. c3 Bg7 5. O-O a6 6. Ba4 b5 7. Bb3 Nge7 8. d4 exd4 9. cxd4 O-O 10. d5 Na5 11. Bc2 c5 12. Nc3 d6 13. h3 h6 14. Re1 Nc4 15. Bd3 Nb6 16. Bf4 f5 17.
e5 dxe5 18. Nxe5 g5 19. Bh2 Nexd5 20. Nc6 Nxc3 21. bxc3 Qc7 22. Bxc7 1-0

[Event "*** SCC Grand Prix: Titled Tuesday Blitz"]
[Site "Chess.com"]
[Date "2020.09.08"]
[Round "8"]
[White "kot60"]
[Black "ExcitingTrap"]
[Result "1/2-1/2"]
[WhiteElo "2415"]
[BlackElo "2306"]
[TimeControl "180+1"]
[EndTime "11:32:34 PDT"]
[Termination "Game drawn by repetition"]

1. e4 e6 2. d4 d5 3. Nd2 Nf6 4. Bd3 dxe4 5. Nxe4 Be7 6. Nf3 h6 7.
Qe2 Nbd7 8. O-O O-O 9. c3 Nxe4 10.
Qxe4 Nf6 11. Qe2 c5 12. dxc5 Bxc5 13. Rd1 Qc7 14. Ne5 Bxf2+ 15. Qxf2 Qxe5 16. Bf4 Qh5 17. Be2 Qf5 18. Bd3 Qh5 19. Be2 Qf5 20. Bd3 Qh5 1/2-1/2

[Event "*** SCC Grand Prix: Titled Tuesday Blitz"]
[Site "Chess.com"]
[Date "2020.09.08"]
[Round "8"]
[White "Martins-BR"]
[Black "romulocardoso"]
[Result "1-0"]
[WhiteElo "2264"]
[BlackElo "2043"]
[TimeControl "180+1"]
[EndTime "11:32:48 PDT"]
[Termination "Martins-BR won by checkmate"]

1. e4 c5 2. Nf3 d6 3. d4 cxd4 4.
Nxd4 Nf6 5. Nc3 g6 6. Be3 Bg7 7. f3 O-O 8. Qd2 Nc6 9. g4 Bd7 10. h4 h5 11. gxh5 Nxh5 12. Rg1 Rc8 13. O-O-O Ne5 14. Bh6 Nc4 15. Bxc4 Rxc4 16. Bxg7 Kxg7 17. Nf5+ Bxf5 18. exf5 Rxh4 19. fxg6 f6 20. Nd5 e6 21. Qe1 Ra4 22. Qxe6 Rxa2 23. Kb1 Qa5 24. Qe7+ Kg8 25.
Qh7# 1-0

[Event "*** SCC Grand Prix: Titled Tuesday Blitz"]
[Site "Chess.com"]
[Date "2020.09.08"]
[Round "8"]
[White "CHESSMASTER759"]
[Black "mbojan"]
[Result "1/2-1/2"]
[WhiteElo "2620"]
[BlackElo "2790"]
[TimeControl "180+1"]
[EndTime "11:33:01 PDT"]
[Termination "Game drawn by agreement"]

1. e4 c5 2. c3 d6 3. d4 Qc7 4. Nf3 g6 5. Bd3 Bg7 6. h3 Nc6 7. d5 Ne5 8. Nxe5 Bxe5 9. O-O Bg7 10. Nd2 Nf6 11. Re1 O-O 12. a4 e6 13. dxe6 Bxe6 14.
Nc4 d5 15. exd5 Bxd5 16. Ne3 Bc6 17. Bb5 Rad8 18. Qe2 Be4 19. Qf1 a6 20. Bc4 Rfe8 21.
Ng4 Nxg4 22. hxg4 1/2-1/2

[Event "*** SCC Grand Prix: Titled Tuesday Blitz"]
[Site "Chess.com"]
[Date "2020.09.08"]
[Round "8"]
[White "Gusarov91"]
[Black "aloe_normansen"]
[Result "0-1"]
[WhiteElo "2593"]
[BlackElo "2369"]
[TimeControl "180+1"]
[EndTime "11:33:03 PDT"]
[Termination "aloe_normansen won by resignation"]

1. d4 Nf6 2. Nf3 g6 3. c4 Bg7 4.
g3 O-O 5. Bg2 Nc6 6. O-O d5 7.
cxd5 Nxd5 8. Nc3 Nb6 9. d5 Na5 10. e4 c6 11. dxc6 Nxc6 12. Bg5 h6 13. Bf4 Be6 14.
Rc1 Bc4 15. Re1 Nb4 16. Qxd8 Rfxd8 17. Bc7 Rd7 18. Bxb6 axb6 19. b3 Ba6 20. Rcd1 Rxd1 21. Nxd1 Nc2 22. a4 Nxe1 23. Nxe1 Rd8 24. Ne3 Rd2 25.
Bf3 Rb2 26. Nd5 Rb1 0-1

[Event "*** SCC Grand Prix: Titled Tuesday Blitz"]
[Site "Chess.com"]
[Date "2020.09.08"]
[Round "8"]
[White "Supernotar"]
[Black "gagtemp"]
[Result "1-0"]
[WhiteElo "2782"]
[BlackElo "1950"]
[TimeControl "180+1"]
[EndTime "11:33:04 PDT"]
[Termination "Supernotar won by resignation"]

1. d4 d5 2. c4 e6 3. Nf3 c5 4. dxc5 Bxc5 5. e3 Nf6 6. a3 a5 7. Nc3 Nc6 8. cxd5 exd5 9. Nb5 O-O 10. Be2 Bg4 11. O-O a4 12. Nfd4 Bd7 13. Bd2 Re8 14. Rc1 Bb6 15. Nd6 Re5 16. Nxb7 Qe7 17. Nxc6 Bxc6 18. Rxc6 Qxb7 19. Bc3 Rg5 20. Bxf6 gxf6 21. Rxf6 Rd8 22. Qxa4 1-0

[Event "*** SCC Grand Prix: Titled Tuesday Blitz"]
[Site "Chess.com"]
[Date "2020.09.08"]
[Round "8"]
[White "SergeyKarjakin"]
[Black "seorobert1971"]
[Result "1-0"]
[WhiteElo "2958"]
[BlackElo "2687"]
[TimeControl "180+1"]
[EndTime "11:33:09 PDT"]
[Termination "SergeyKarjakin won by resignation"]

1. g3 Nf6 2. Bg2 d5 3. Nf3 c5 4. O-O Nc6 5. d4 e6 6. c4 dxc4 7. Qa4 Bd7 8. Qxc4 cxd4 9. Nxd4 Rc8 10. Nc3 a6 11. Rd1 Qb6 12. Nb3 Na5 13. Qh4 Nxb3 14. axb3 Qxb3 15. Bg5 Be7 16. Ne4 Nxe4 17. Bxe7 Bc6 18.
Bxe4 Bxe4 19. Ba3 1-0

[Event "*** SCC Grand Prix: Titled Tuesday Blitz"]
[Site "Chess.com"]
[Date "2020.09.08"]
[Round "8"]
[White "Hasangatin_Ramil"]
[Black "KubaGepard"]
[Result "1-0"]
[WhiteElo "2587"]
[BlackElo "2408"]
[TimeControl "180+1"]
[EndTime "11:33:09 PDT"]
[Termination "Hasangatin_Ramil won by resignation"]

1. e4 e5 2. Nf3 Nc6 3. Bb5 a6 4. Bxc6 dxc6 5. Nc3 Qf6 6. d3 h6 7. Be3 Ne7 8. Nd2 Ng6 9. g3 Bh3 10. Qe2 Bb4 11. Ndb1 O-O-O 12. f3 Rhe8 13. Qf2 h5 14. Nd2 Qd6 15. Nc4 Qe7 16. a3 Bxc3+ 17. bxc3 b5 18. Na5 Qe6 19. Bd2 Kb8 20. Qc5 Rd6 21. Be3 f5 22.
Qa7+ Kc8 23. Nb7 fxe4 24. Nc5 1-0

[Event "*** SCC Grand Prix: Titled Tuesday Blitz"]
[Site "Chess.com"]
[Date "2020.09.08"]
[Round "8"]
[White "Yaacovn"]
[Black "kingnb"]
[Result "1/2-1/2"]
[WhiteElo "2886"]
[BlackElo "2624"]
[TimeControl "180+1"]
[EndTime "11:33:12 PDT"]
[Termination "Game drawn by repetition"]

1. d4 Nf6 2. e3 g6 3. Nf3 Bg7 4. Be2 O-O 5. O-O d6 6. b3 Nbd7 7. Bb2 e5 8. dxe5 Ng4 9. c4 Ngxe5 10. Nxe5 dxe5 11. Qc2 c6 12. Nc3 Qc7 13. Rad1 Nf6 14. Ba3 Rd8 15. Rxd8+ Qxd8 16. Rd1 Qe8 17. Qd2 Bf5 18.
h3 h5 19. Bf1 Bf8 20. Bxf8 Kxf8 21. c5 Qe7 22. Na4 Ke8 23. b4 Rd8 24. Qxd8+ Qxd8 25. Rxd8+ Kxd8 26. a3 Nd5 27. Bc4 Bc2 28. Nb2 Ke7 29.
Bxd5 cxd5 30. Kf1 b6 31. cxb6 axb6 32. Ke2 b5 33. Kd2 Bf5 34. a4 bxa4 35. Nxa4 Kd6 36. Kc3 Kc6 37. h4 f6 38. g3 Bc8 39. Nc5 Kd6 40. Nd3 Ba6 41. Nb2 Kc6 42. Nd1 Be2 43. Nb2 Ba6 44. Kb3 Bb5 45. Kc3 Ba6 1/2-1/2

[Event "*** SCC Grand Prix: Titled Tuesday Blitz"]
[Site "Chess.com"]
[Date "2020.09.08"]
[Round "8"]
[White "Bastiandash"]
[Black "AntonovaNadezhda"]
[Result "0-1"]
[WhiteElo "2364"]
[BlackElo "2069"]
[TimeControl "180+1"]
[EndTime "11:33:14 PDT"]
[Termination "AntonovaNadezhda won on time"]

1. d4 Nf6 2. c4 g6 3. Nc3 Bg7 4. g3 O-O 5. Bg2 d6 6. e4 Nc6 7. Nge2 e5 8. h3 Re8 9. d5 Nd4 10. Be3 c5 11. Qb3 Nxb3 0-1

[Event "*** SCC Grand Prix: Titled Tuesday Blitz"]
[Site "Chess.com"]
[Date "2020.09.08"]
[Round "8"]
[White "K_A_S_T_O_R"]
[Black "Spriteball"]
[Result "1-0"]
[WhiteElo "2741"]
[BlackElo "2279"]
[TimeControl "180+1"]
[EndTime "11:33:20 PDT"]
[Termination "K_A_S_T_O_R won by resignation"]

1. e4 e5 2. Nf3 Nc6 3. Bb5 a6 4. Ba4 Nf6 5. O-O Be7 6. Re1 b5 7.
Bb3 O-O 8. h3 d6 9. c3 Na5 10.
Bc2 c5 11. d4 Qc7 12. d5 c4 13. b4 Nb7 14. a4 Bd7 15. Na3 a5 16. axb5 axb4 17.
cxb4 Rfb8 18. Be3 Nd8 19. Qe2 Rc8 20. b6 Qb7 21. Nxc4 Bb5 22. Nfd2 Rxa1 23. Rxa1 Nd7 24.
Ra7 1-0

[Event "*** SCC Grand Prix: Titled Tuesday Blitz"]
[Site "Chess.com"]
[Date "2020.09.08"]
[Round "8"]
[White "Tooweak2slow03"]
[Black "BanjoKazooieN64"]
[Result "1/2-1/2"]
[WhiteElo "2781"]
[BlackElo "2600"]
[TimeControl "180+1"]
[EndTime "11:33:33 PDT"]
[Termination "Game drawn by agreement"]

1. e4 e5 2. Nf3 Nc6 3. Nc3 Nf6 4.
a3 Be7 5. d4 exd4 6. Nxd4 O-O 7. Be2 d5 8. exd5 Nxd5 9. Nxc6 bxc6 10. O-O Nxc3 11. bxc3 Bf6 12. Rb1 Bf5 13. Bf4 Bxc3 14.
Qxd8 Rfxd8 15. Bxc7 Rd2 16. Bf3 Rxc2 17. Rbd1 h6 18. Bxc6 Rc8 19. Bd7 1/2-1/2

[Event "*** SCC Grand Prix: Titled Tuesday Blitz"]
[Site "Chess.com"]
[Date "2020.09.08"]
[Round "8"]
[White "tk22h"]
[Black "Meri-Arabidze"]
[Result "0-1"]
[WhiteElo "2386"]
[BlackElo "2569"]
[TimeControl "180+1"]
[EndTime "11:33:37 PDT"]
[Termination "Meri-Arabidze won by resignation"]

1. c4 e6 2. Nf3 d5 3. d4 Nf6 4. Nc3 Nbd7 5. e3 a6 6. b3 c5 7. Bb2 cxd4 8. exd4 dxc4 9. bxc4 Be7 10. Bd3 b6 11. O-O Bb7 12. Qe2 O-O 13. Rfd1 Re8 14.
Rac1 Nf8 15. Ne5 Ng6 16. Bb1 Nf4 17. Qe3 Nxg2 18. Qg3 Nh5 19. Qg4 Ngf4 20. d5 f5 21. Qf3 Bc5 22. Na4 exd5 23. Nxc5 bxc5 24. cxd5 Bxd5 25.
Rxd5 Qxd5 26. Qxd5+ Nxd5 27. Bxf5 Nhf4 28. Rxc5 Rab8 29.
Ba3 Rxe5 0-1

[Event "*** SCC Grand Prix: Titled Tuesday Blitz"]
[Site "Chess.com"]
[Date "2020.09.08"]
[Round "8"]
[White "GukeshDommaraju"]
[Black "GigaQuparadze"]
[Result "0-1"]
[WhiteElo "2763"]
[BlackElo "2914"]
[TimeControl "180+1"]
[EndTime "11:33:40 PDT"]
[Termination "GigaQuparadze won by resignation"]

1. e4 c5 2. Nf3 e6 3. g3 Nc6 4. Bg2 Nf6 5. Qe2 d6 6. O-O Be7 7. c3 O-O 8. d4 cxd4 9. cxd4 d5 10. e5 Ne4 11. Nbd2 Nxd2 12. Bxd2 Qb6 13. Bc3 Bd7 14.
Qd2 Rfc8 15. h4 Bb4 16. h5 h6 17. Nh2 Bxc3 18. bxc3 Ne7 19. Rac1 Qa5 20. g4 Qd8 21. f4 Rc7 22. g5 Nf5 23. Bh3 Ng3 24.
gxh6 Nxf1 25. Rxf1 f5 26. Kh1 Bb5 27. Rg1 Qh4 28.
Qg2 Qxh5 29. hxg7 Rxc3 30. Bxf5 Qxf5 31. Ng4 Qh7+ 0-1

[Event "*** SCC Grand Prix: Titled Tuesday Blitz"]
[Site "Chess.com"]
[Date "2020.09.08"]
[Round "8"]
[White "MYMChessAcademy"]
[Black "LittleMyMoomin"]
[Result "1-0"]
[WhiteElo "2070"]
[BlackElo "1844"]
[TimeControl "180+1"]
[EndTime "11:33:50 PDT"]
[Termination "MYMChessAcademy won by resignation"]

1. e4 c5 2. Nf3 d6 3. d4 cxd4 4. Nxd4 Nf6 5. Nc3 a6 6. Be2 e5 7.
Nb3 Be6 8. Be3 Nbd7 9. g4 Nc5 10.
Nxc5 dxc5 11. g5 Nd7 12. Nd5 Be7 13. Qd2 O-O 14. O-O-O Rc8 15. h4 b5 16. h5 Bxd5 17. exd5 Nb6 18. g6 c4 19. Bg4 Rc7 20. gxf7+ Rxf7 21. Be6 Bf6 22. Bxb6 e4 23. Bxf7+ Kxf7 24. Bxc7 Qxc7 25.
d6 Qd7 26. Qd5+ Kf8 27. Qxe4 c3 28. Qa8+ Kf7 29. Qd5+ Kf8 30. b3 Bg5+ 31. Qxg5 1-0

[Event "*** SCC Grand Prix: Titled Tuesday Blitz"]
[Site "Chess.com"]
[Date "2020.09.08"]
[Round "8"]
[White "aNaartjieZA"]
[Black "belisarius64"]
[Result "0-1"]
[WhiteElo "2483"]
[BlackElo "2682"]
[TimeControl "180+1"]
[EndTime "11:33:54 PDT"]
[Termination "belisarius64 won by resignation"]

1. e4 e5 2. Nf3 Nf6 3. Nc3 Nc6 4.
g3 Bc5 5. Bg2 d6 6. d3 O-O 7.
Na4 Bb6 8. Nxb6 axb6 9. O-O h6 10.
h3 Re8 11. Re1 Be6 12. b3 Qd7 13. Kh2 d5 14. exd5 Bxd5 15. Bb2 Qd6 16. a3 Rad8 17. Qc1 e4 18. dxe4 Nxe4 19. Re2 Nxg3 20. Rxe8+ Rxe8 21. fxg3 Re2 22. Qf1 Rxc2 23. Bc1 Nd4 24. Nxd4 Rxg2+ 25. Qxg2 Bxg2 26. Kxg2 Qxd4 27. Ra2 Qe4+ 28. Kh2 Qb1 0-1

[Event "*** SCC Grand Prix: Titled Tuesday Blitz"]
[Site "Chess.com"]
[Date "2020.09.08"]
[Round "8"]
[White "willc-h99"]
[Black "Jungle_Jaguar"]
[Result "0-1"]
[WhiteElo "2437"]
[BlackElo "2658"]
[TimeControl "180+1"]
[EndTime "11:33:57 PDT"]
[Termination "Jungle_Jaguar won by resignation"]

1. d4 Nf6 2. Nf3 g6 3. e3 Bg7 4. Be2 O-O 5. O-O d6 6. b3 b6 7. Bb2 Bb7 8. c4 Nbd7 9. d5 c6 10. dxc6 Bxc6 11. Nd4 Bb7 12. Nc3 Rc8 13. Bf3 Qc7 14.
Bxb7 Qxb7 15. Qe2 a6 16. Rfd1 Nc5 17. f3 d5 18. cxd5 Nxd5 19. Nxd5 Qxd5 20. e4 Qb7 21. Rac1 Rfd8 22. e5 Rd5 23. f4 Rcd8 24. Nf3 Nd3 25. Rc2 Nxf4 26. Qc4 Rxd1+ 27. Kf2 Nd3+ 28. Kg3 Nxb2 29. Rxb2 R1d3 30. Re2 h5 31. e6 f5 32.
Qf4 R8d4 33. Qg5 Rg4+ 0-1

[Event "*** SCC Grand Prix: Titled Tuesday Blitz"]
[Site "Chess.com"]
[Date "2020.09.08"]
[Round "8"]
[White "Gvetadze"]
[Black "Sethu0025"]
[Result "1-0"]
[WhiteElo "2486"]
[BlackElo "2698"]
[TimeControl "180+1"]
[EndTime "11:33:58 PDT"]
[Termination "Gvetadze won by resignation"]

1. e4 c5 2. Nf3 d6 3. d4 cxd4 4.
Nxd4 Nf6 5. f3 e5 6. Nb3 Be6 7.
c4 Nbd7 8. Be3 Rc8 9. Be2 Bxc4 10. O-O Bxe2 11. Qxe2 a6 12. Nc3 Be7 13. Rad1 O-O 14. f4 Qc7 15. f5 Qc4 16. Qf3 Qb4 17. g4 h6 18. h4 Nb6 19. g5 hxg5 20. hxg5 Nfd7 21.
f6 gxf6 22. gxf6 Bxf6 23. Qg4+ Kh7 24. Rd2 Bg7 25. Rh2+ Kg8 26. Rg2 1-0

[Event "*** SCC Grand Prix: Titled Tuesday Blitz"]
[Site "Chess.com"]
[Date "2020.09.08"]
[Round "8"]
[White "valeriocarnicelli"]
[Black "Reader777"]
[Result "0-1"]
[WhiteElo "2483"]
[BlackElo "2677"]
[TimeControl "180+1"]
[EndTime "11:34:03 PDT"]
[Termination "Reader777 won by resignation"]

1. e4 c5 2. Nf3 d6 3. d4 cxd4 4.
Nxd4 Nf6 5. Nc3 a6 6. f3 e5 7.
Nb3 Be6 8. Be3 Nbd7 9. Qd2 b5 10. O-O-O Nb6 11. Qf2 Nfd7 12. f4 Qc7 13. f5 Bc4 14. Kb1 Be7 15. g4 b4 16. f6 gxf6 17. Bxc4 Qxc4 18. Na5 Qc7 19. Nd5 Nxd5 20. Rxd5 h5 21.
Qe2 hxg4 22. Qxg4 Rc8 23. Qg2 f5 24. Nb3 Nf6 25. Rdd1 Nxe4 26. h4 a5 27. h5 a4 28.
Nc1 Qc6 29. Qg7 Bf6 30. Qg1 Qxc2+ 31. Ka1 a3 0-1

[Event "*** SCC Grand Prix: Titled Tuesday Blitz"]
[Site "Chess.com"]
[Date "2020.09.08"]
[Round "8"]
[White "Chessdemon2019"]
[Black "shnitez"]
[Result "0-1"]
[WhiteElo "2388"]
[BlackElo "2526"]
[TimeControl "180+1"]
[EndTime "11:34:03 PDT"]
[Termination "shnitez won by resignation"]

1. e4 e5 2. Nf3 Nc6 3. Bc4 Bc5 4. c3 Nf6 5. d3 a6 6. a4 d6 7. Nbd2 h6 8. O-O O-O 9. h3 Be6 10. Re1 Qd7 11. Bb3 Bxb3 12. Qxb3 Rfe8 13. Nf1 d5 14. exd5 Nxd5 15. Ne3 Nf4 16. d4 exd4 17. cxd4 Nxd4 18.
Nxd4 Bxd4 19. Bd2 c5 20. Rad1 Rad8 21. Bc3 Qc6 22. Bxd4 cxd4 23. Rc1 Qe4 24. f3 Qg6 25. Ng4 h5 26. Qxb7 hxg4 27. hxg4 Ne2+ 28. Rxe2 Rxe2 29. Qb6 Qxb6 0-1

[Event "*** SCC Grand Prix: Titled Tuesday Blitz"]
[Site "Chess.com"]
[Date "2020.09.08"]
[Round "8"]
[White "politeplayer"]
[Black "Hypercar"]
[Result "0-1"]
[WhiteElo "2244"]
[BlackElo "2404"]
[TimeControl "180+1"]
[EndTime "11:34:03 PDT"]
[Termination "Hypercar won on time"]

1. e4 d5 2. d4 dxe4 3. Nc3 Nf6 4. f3 exf3 5. Nxf3 Bg4 6. h3 Bxf3 7. Qxf3 c6 8. Bf4 Qxd4 9. Rd1 Qb6 10. Qg3 Nbd7 11.
Bc7 Qxb2 12. Bc4 Qb4 13. Qd3 Qc5 14. Rf1 e6 15. Ne4 Qa3 16. Bb3 Bb4+ 17. c3 O-O 18.
Rxf6 Nxf6 19. Nxf6+ gxf6 20. Qg3+ Kh8 0-1

[Event "*** SCC Grand Prix: Titled Tuesday Blitz"]
[Site "Chess.com"]
[Date "2020.09.08"]
[Round "8"]
[White "GianmarcoVaR"]
[Black "barriochess"]
[Result "1-0"]
[WhiteElo "2567"]
[BlackElo "2380"]
[TimeControl "180+1"]
[EndTime "11:34:06 PDT"]
[Termination "GianmarcoVaR won by resignation"]

1. d4 d5 2. c4 e6 3. Nf3 c5 4.
g3 Nc6 5. Bg2 Nf6 6. O-O Be7 7.
cxd5 exd5 8. Nc3 O-O 9. dxc5 d4 10. Na4 Bf5 11. a3 Ne4 12. b4 Bf6 13. Bb2 Nc3 14. Qb3 Nxe2+ 15. Kh1 d3 16. Rad1 h6 17. b5 Na5 18. Qb4 Bxb2 19. Nxb2 Rc8 20. Nxd3 Bxd3 21.
Ne5 Qd4 22. Nxd3 Qc3 23. Rfe1 Rfe8 24. Rxe2 1-0

[Event "*** SCC Grand Prix: Titled Tuesday Blitz"]
[Site "Chess.com"]
[Date "2020.09.08"]
[Round "8"]
[White "BurningggIce"]
[Black "Grineva_Marianna"]
[Result "0-1"]
[WhiteElo "2299"]
[BlackElo "2222"]
[TimeControl "180+1"]
[EndTime "11:34:13 PDT"]
[Termination "Grineva_Marianna won by checkmate"]

1. d4 f5 2. Nf3 d6 3. g3 Nf6 4. Bg2 g6 5. O-O Bg7 6. c3 O-O 7. Nbd2 c6 8. Qc2 Nbd7 9. e4 fxe4 10.
Nxe4 Nxe4 11. Qxe4 Nf6 12. Qe2 Bf5 13. Re1 Ne4 14.
Nh4 d5 15. Nxf5 gxf5 16. f3 Nf6 17. Qxe7 Qb6 18. Qe6+ Kh8 19. Qxf5 Rae8 20. Bg5 Ne4 21. Qd7 Qxb2 22. fxe4 Qxc3 23. Kh1 dxe4 24. Bxe4 Rxe4 25. Rxe4 Qxa1+ 26. Kg2 Qf1# 0-1

[Event "*** SCC Grand Prix: Titled Tuesday Blitz"]
[Site "Chess.com"]
[Date "2020.09.08"]
[Round "8"]
[White "j_coca"]
[Black "eightbyeightchess"]
[Result "0-1"]
[WhiteElo "2323"]
[BlackElo "2440"]
[TimeControl "180+1"]
[EndTime "11:34:16 PDT"]
[Termination "eightbyeightchess won by resignation"]

1. f4 d5 2. Nf3 Nf6 3. e3 a6 4. d4 c5 5. c3 Nc6 6. Bd3 Bg4 7.
O-O e6 8. Nbd2 Be7 9. Qc2 Rc8 10. Qb1 Qb6 11. Kh1 Bh5 12. Ne5 Nxe5 13. fxe5 Nd7 14. h3 Bg6 15. Nf3 Nf8 16. Bd2 f6 17. Rf2 Bxd3 18. Qxd3 Qb5 19. Qc2 Ng6 20. exf6 gxf6 21. Raf1 Rg8 22. e4 Qc6 23. exd5 Qxd5 24. Be3 c4 25.
Nd2 b5 26. Ne4 f5 27. Nd2 f4 28.
Re1 fxe3 29. Rxe3 Kd7 30. Nf3 Rcf8 31. Qe2 Nf4 32. Qd1 Kc8 33. Kh2 Bd6 34. Ne5 Rxg2+ 0-1

[Event "*** SCC Grand Prix: Titled Tuesday Blitz"]
[Site "Chess.com"]
[Date "2020.09.08"]
[Round "8"]
[White "Kaslask"]
[Black "Lion-Al-Messi"]
[Result "1-0"]
[WhiteElo "2306"]
[BlackElo "2516"]
[TimeControl "180+1"]
[EndTime "11:34:18 PDT"]
[Termination "Kaslask won by resignation"]

1. d4 b6 2. Nf3 Bb7 3. g3 Nf6 4. Bg2 e6 5. O-O Be7 6. b3 O-O 7. Bb2 d6 8. Nbd2 Nbd7 9. Re1 Ne4 10. Nxe4 Bxe4 11. Bh3 f5 12. Nd2 Bb7 13. e4 Nf6 14. exf5 exf5 15. Bxf5 Kh8 16. c4 d5 17. Bh3 dxc4 18. Nxc4 Qd5 19. f3 Bb4 20. Rf1 Rae8 21. Ne5 Nh5 22. Bg2 Bd6 23. Rf2 c5 24. f4 Nxf4 25. gxf4 Qe6 26. Bxb7 cxd4 27. Bxd4 Qh6 28. Bg2 Rxf4 29. Rxf4 Qxf4 30. Nf3 Bb8 31. Qd2 Qd6 32. Qg5 Qd7 33. Rd1 Re2 34. Bxg7+ 1-0

[Event "*** SCC Grand Prix: Titled Tuesday Blitz"]
[Site "Chess.com"]
[Date "2020.09.08"]
[Round "8"]
[White "Susal_De_Silva"]
[Black "francyIM"]
[Result "0-1"]
[WhiteElo "2519"]
[BlackElo "2716"]
[TimeControl "180+1"]
[EndTime "11:34:20 PDT"]
[Termination "francyIM won by resignation"]

1. e4 e5 2. Nf3 Nc6 3. Bc4 Bc5 4. d3 Nf6 5. O-O a6 6. c3 Ba7 7. Bb3 d6 8. h3 h6 9. Re1 g5 10. d4 g4 11. dxe5 gxf3 12. exf6 Ne5 13. Bf4 Qxf6 14. Bxe5 dxe5 15. Qxf3 Qxf3 16. gxf3 Rg8+ 17. Kh2 Bxf2 18.
Re2 Bg3+ 19. Kh1 Bxh3 20. Nd2 Ke7 21. Nc4 Rg5 22. Ne3 Rh5 23. Kg1 Rg8 24. Ng2 Rhg5 25.
Kh1 R8g6 26. Rd1 Rh5 27. Kg1 Bf4 28. Bc2 Rhg5 0-1